 Dungeon Crawl Stone Soup version 0.14-a0-181-gf6fe0c6 (webtiles) character file.

46803 PolkaDot the Grappler (level 13, -9/124 HPs)
             Began as a Troll Death Knight on Oct 6, 2013.
             Was a High Priest of Yredelemnul.
             Killed by divine providence
             ... invoked by an orc priest
              (16 damage)
             ... on Level 4 of the Orcish Mines.
             The game lasted 02:03:41 (21690 turns).

PolkaDot the Grappler (Troll Death Knight)         Turns: 21690, Time: 02:03:42

HP  -9/124       AC 11     Str 24      XL: 13   Next: 98%
MP  12/26        EV 13     Int  7      God: Yredelemnul [*****.]
Gold 1918        SH  0     Dex 13      Spells:  1 memorised, 10 levels left

Res.Fire  : . . .   See Invis. : .     - Unarmed
Res.Cold  : . . .   Warding    : .   l - +0 mottled dragon armour
Life Prot.: + . .   Conserve   : .   (shield restricted)
Res.Poison: .       Res.Corr.  : .   z - +1 cap
Res.Elec. : .       Clarity    : .   n - +0 cloak
Sust.Abil.: . .     Spirit.Shd : .   (gloves unavailable)
Res.Mut.  : .       Stasis     : .   (boots unavailable)
Res.Rott. : .       Flight     : .   j - amulet of faith
Gourmand  : +                        X - ring of protection from magic {unknown}
                                     C - ring of positive energy {unknown}

@: very slightly contaminated, drained, quite resistant to hostile enchantments,
unstealthy
A: unfitting armour, claws 3, fast metabolism 3, gourmand, regeneration 2,
saprovore 2, tough skin 2, AC +1
a: Animate Dead, Recall Undead Slaves, Injury Mirror, Drain Life, Enslave Soul,
Renounce Religion


You were on level 4 of the Orcish Mines.
You worshipped Yredelemnul.
Yredelemnul was extremely pleased with you.
You were completely stuffed.

You visited 3 branches of the dungeon, and saw 25 of its levels.
You also visited: Labyrinth.

You collected 2118 gold pieces.
You spent 220 gold pieces at shops.

Inventory:

Armour
 c - a +2 robe of positive energy
 l - a +0 mottled dragon armour (worn)
 n - a +0 cloak (worn)
 z - a +1 cap (worn)
Magical devices
 h - a wand of heal wounds (3)
 r - a wand of digging (17) {unknown}
 U - a wand of disintegration (14)
Comestibles
 w - a choko
 J - 10 strawberries
Scrolls
 b - 2 scrolls of magic mapping
 e - a scroll of teleportation
 f - 11 scrolls of identify
 m - 8 scrolls of remove curse
 o - a scroll of fear
 q - 3 scrolls of curse weapon {unknown}
 y - 3 scrolls of recharging {unknown}
 N - a scroll of fog
Jewellery
 g - an uncursed ring of wizardry
 i - an uncursed amulet of clarity {unknown}
 j - an amulet of faith (around neck)
 u - an uncursed amulet of resist mutation
 v - an uncursed amulet of guardian spirit
 C - a ring of positive energy (left claw) {unknown}
 E - an uncursed ring of protection from magic {unknown}
 F - an uncursed amulet of conservation
 M - a +1 ring of dexterity
 R - an uncursed ring of teleportation
 X - a ring of protection from magic (right claw) {unknown}
 Z - an uncursed ring of sustain abilities {unknown}
Potions
 k - 3 potions of restore abilities
 B - a potion of strong poison
 I - 4 potions of brilliance
 L - a potion of cure mutation
Books
 x - a Grand Grimoire {highlevel}

   This book is beyond your current level of understanding.

   Spells                             Type                      Level
   Demonic Horde                      Summoning                    6
   Mass Abjuration                    Summoning                    6
   Haunt                              Necromancy/Summoning         7
   Summon Greater Demon               Summoning                    7
   Malign Gateway                     Summoning/Translocation      7
   Summon Horrible Things             Summoning                    8
 K - a Grand Grimoire {highlevel}

   This book is beyond your current level of understanding.

   Spells                             Type                      Level
   Demonic Horde                      Summoning                    6
   Mass Abjuration                    Summoning                    6
   Haunt                              Necromancy/Summoning         7
   Summon Greater Demon               Summoning                    7
   Malign Gateway                     Summoning/Translocation      7
   Summon Horrible Things             Summoning                    8


   Skills:
 + Level 9.2(9.0) Fighting
 + Level 0.5(0.3) Armour
 - Level 7.0(6.8) Dodging
 * Level 14.6(14.4) Unarmed Combat
 - Level 12.9(12.7) Invocations


You had 10 spell levels left.
You knew the following spells:

 Your Spells              Type           Power        Failure   Level  Hunger
a - Stoneskin             Trmt/Erth      #.........   73%         2    ###....


Dungeon Overview and Level Annotations

Branches:
Dungeon (13/27)            Temple (0/1) D:7             Orc (4/4) D:9
    Elf (0/3) Orc:4          Lair (8/8) D:12         Shoals (0/5) Lair:4
  Snake (0/5) Lair:5        Slime (0/6) Lair:7

Altars:
Cheibriados
Elyvilon
Kikubaaqudgha
Makhleb
Sif Muna
Trog
the Shining One
Beogh
Jiyva

Shops:
D:4 [

Portals:
Hell: Lair:8
Trove: D:11 (give 14 scrolls of teleportation)


Innate Abilities, Weirdness & Mutations

You are too large for most types of armour.
You have claws for hands.
Your metabolism is lightning-fast.
You like to eat raw meat.
You heal very quickly.
You can eat rotten meat.
You are covered in fur (AC +1).
You have very tough skin (AC +2).


Message History

It hits your bone dragon but does no damage.
The orc priest becomes somewhat translucent.
Your bone dragon barely misses the ice devil.
Your bone dragon claws the ice devil.
Your bone dragon tramples the ice devil.
The ice devil holds its ground!
The orc sorcerer hits you but does no damage.
The orc warrior hits your bone dragon with an orcish war axe.
The ice devil hits your bone dragon but does no damage.
Something stings your bone dragon!
It hits your bone dragon but does no damage.
Unknown command.
You hit the orc sorcerer.
The orc sorcerer begins to bleed from its wounds!
The orc sorcerer is moderately wounded.
The hellwing disappears in a puff of smoke!
The orc priest invokes the aid of Beogh against you.
Something smites you!
You die...
Your body rises from the dead as a mindless zombie.

..#....................## .....
.#....................#.......#
..............................#
.............................#
...........................#.
..................)....#.##.
.............Zz..)......##
........##..z#p#Z.......#
..#..#...#..z#4#@...<....#
...........4oo3D#o.#.....#
.........##§z4o#........#
#...##...##§4zz.........
............§.........#.
............o)3........
.....######o))######..
....##.....4.ooo4..## ...##
......ooo.....#


You could see an ice devil, an orange demon, a hellwing, 3 orc warriors, an orc
sorcerer (bleeding), a rotting devil, an orc priest, an orc wizard, 3 orc
zombies, a friendly bone dragon and a friendly stone giant zombie.

Vanquished Creatures
  A stone giant (Orc:4)
  A dire elephant (Lair:8)
  A minotaur (Lab)
  2 hydras
  The ghost of timbw the Brawler, a powerful TrMo (D:13)
  A hill giant (D:10)
  The ghost of Deemzul the Digger, an experienced OpEE of Sif Muna (D:7)
  A griffon (Lair:7)
  A cyclops (D:10)
  5 black mambas
  3 elephants (Lair:8)
  A feature mimic (Lair:4)
  9 spiny frogs
  4 komodo dragons
  A fire drake (Lair:5)
  3 hellwings (Lair:8)
  A slime creature (D:12)
  2 blink frogs (Lair:8)
  2 two-headed ogres (D:9)
  4 basilisks
  A wyvern (D:8)
  A human (D:11)
  37 yaks
  A wraith (Lair:2)
  2 ugly things (D:13)
  3 sharks (Lair:4)
  Eustachio (D:10)
  10 wolves
  2 elephant slugs
  4 hippogriffs
  A necrophage (D:11)
  2 hungry ghosts
  5 vampire mosquitoes
  2 soldier ants (Lair:3)
  3 sky beasts
  8 orc warriors
  5 porcupines
  5 ice beasts
  A giant goldfish (Lair:8)
  2 phantoms
  A black bear (D:8)
  3 ogres
  11 centaurs
  A lava worm (Lair:6)
  3 giant slugs
  2 big kobolds
  8 crocodiles
  6 giant frogs
  3 water moccasins
  A cyclops zombie (D:13)
  An agate snail (D:7)
  2 manticore skeletons
  3 eyes of draining
  4 jellyfish
  2 electric eels (Lair:8)
  A yak skeleton (D:9)
  14 killer bees
  12 hounds
  A quasit (D:10)
  8 crimson imps
  3 big fish (Lair:8)
  A lava snake (Lair:6)
  A jelly (D:9)
  12 orc priests
  3 iguanas
  3 scorpions
  16 orc wizards
  5 spiders (D:10)
  14 worker ants
  7 sheep (Lair:8)
  2 ogre zombies
  Ijyb (D:3)
  Jessica (D:3)
  An ogre skeleton (D:4)
  2 hound skeletons
  Terence (D:3)
  19 adders
  27 green rats
  4 gnolls
  A lemure (D:10)
  A giant centipede (D:10)
  2 giant mites
  A shadow imp (D:10)
  An inept feature mimic (D:8)
  6 worms
  An iguana zombie (D:6)
  An adder skeleton (D:4)
  A giant eyeball (D:8)
  11 giant geckos
  98 orcs
  13 ball pythons
  6 giant cockroaches
  16 goblins
  13 hobgoblins
  8 quokkas
  16 bats
  A giant gecko skeleton (D:5)
  A giant newt (D:3)
  2 green rat zombies (Lair:2)
  13 jackals
  17 kobolds
  A kobold skeleton (D:5)
  A quokka zombie (Lair:2)
  17 rats
  A plant (D:12)
601 creatures vanquished.

Vanquished Creatures (collateral kills)
  A dragon (Lair:6)
  A draconian (D:11)
  5 hydras
  A sun demon (Lair:8)
  An unseen horror (D:12)
  A wizard (Lair:8)
  2 hill giants
  A harpy (Lair:4)
  A griffon (Lair:5)
  2 elephants (Lair:8)
  2 cyclopes
  An orange demon (Lair:8)
  A queen ant (Lair:3)
  A smoke demon (Lair:8)
  4 spiny frogs
  A red devil (Lair:8)
  4 hellwings (Lair:8)
  A komodo dragon (Lair:2)
  2 trolls
  A giant leech (Lair:4)
  A two-headed ogre (D:12)
  A boulder beetle (Lair:5)
  A blink frog (Lair:8)
  A shark (Lair:4)
  5 yaks
  4 ugly things (D:13)
  An elephant slug (Lair:2)
  2 hippogriffs
  A vampire mosquito (D:13)
  A hungry ghost (D:13)
  7 wolves
  2 swamp worms (Lair:4)
  3 soldier ants (Lair:3)
  A giant goldfish (Lair:8)
  2 crocodiles (Lair:8)
  A lava worm (Lair:6)
  3 rotting devils
  A centaur (D:7)
  2 giant frogs
  2 giant slugs
  4 water moccasins
  Blork the orc (D:13)
  3 jellyfish
  A killer bee (D:10)
  2 electric eels
  A hippogriff skeleton (D:11)
  A goliath beetle (D:10)
  4 big fish (Lair:8)
  2 hounds
  A spider (D:10)
  2 orc priests
  A jelly (D:13)
  2 iguanas (D:7)
  4 orc wizards
  6 worker ants
  An adder (D:2)
  A giant mite (Lair:3)
  4 green rats
  A goliath beetle zombie (D:10)
  2 giant geckos
  25 orcs
  5 bats
  2 goblins
  4 hobgoblins
  11 jackals
  6 quokkas
  A giant newt (D:1)
  3 kobolds (D:9)
  An orc zombie (Orc:4)
  2 rats
  2 butterflies (Lair:8)
  8 fungi
  3 plants
193 creatures vanquished.

Vanquished Creatures (others)
  A death cob (Orc:4)
  2 flaming corpses (Lair:6)
  A flayed ghost (Orc:4)
  4 phantasmal warriors
  A dire elephant zombie (Lair:8)
  A spectral human (Lair:4)
  2 wraiths
  3 spiny frog zombies
  An orc warrior (Orc:4)
  2 freezing wraiths
  A vampire mosquito zombie (D:12)
  A komodo dragon zombie (Lair:8)
  3 wights
  A wolf zombie (Lair:7)
  A water moccasin zombie (Lair:8)
  2 killer bee zombies (D:10)
  2 spectral orcs
  A spider zombie (D:10)
  2 mummies
  A big fish zombie (Lair:8)
  16 orc zombies
  An orc (Orc:2)
  4 bat zombies
  A giant gecko skeleton (Lair:1)
  A giant gecko zombie (D:11)
  A goblin zombie (Orc:4)
  A green rat zombie (Lair:3)
  2 hobgoblin skeletons
  2 hobgoblin zombies
  A jackal zombie (D:5)
  3 kobold zombies
  2 orc skeletons
  A rat skeleton (D:1)
  5 fungi (Lair:8)
74 creatures vanquished.

Grand Total: 868 creatures vanquished

Notes
Turn   | Place    | Note
--------------------------------------------------------------
     0 | D:1      | PolkaDot, the Troll Death Knight, began the quest for the Orb.
     0 | D:1      | Reached XP level 1. HP: 20/20 MP: 2/2
    18 | D:1      | Reached XP level 2. HP: 28/28 MP: 2/2
    65 | D:1      | Reached skill level 3 in Unarmed Combat
   556 | D:1      | Reached XP level 3. HP: 35/35 MP: 4/4
   562 | D:1      | Acquired Yredelemnul's second power
   998 | D:1      | HP: 1/35 [gnoll/flail (7)]
  1002 | D:1      | Reached skill level 4 in Unarmed Combat
  1061 | D:2      | Reached XP level 4. HP: 30/42 MP: 4/4
  1415 | D:2      | Reached skill level 5 in Unarmed Combat
  1554 | D:2      | Reached XP level 5. HP: 50/50 MP: 3/5
  1778 | D:3      | Noticed Jessica
  1782 | D:3      | Killed Jessica
  1823 | D:3      | Acquired Yredelemnul's third power
  1884 | D:3      | Noticed Terence
  1891 | D:3      | Killed Terence
  2156 | D:3      | Noticed Ijyb
  2160 | D:3      | Killed Ijyb
  2160 | D:3      | Reached XP level 6. HP: 58/58 MP: 7/7
  2872 | D:4      | Learned a level 2 spell: Stoneskin
  2882 | D:4      | Found Rulotiwy's Armour Shop.
  3184 | D:4      | Acquired Yredelemnul's fourth power
  3222 | D:5      | Entered Level 5 of the Dungeon
  3304 | D:5      | Reached XP level 7. HP: 34/66 MP: 9/9
  3329 | D:5      | Reached skill level 5 in Invocations
  3670 | D:5      | Found an ancient bone altar of Kikubaaqudgha.
  3670 | D:5      | Found a glowing golden altar of the Shining One.
  3671 | D:5      | Found a bloodstained altar of Trog.
  4485 | D:5      | Reached skill level 6 in Unarmed Combat
  4884 | D:6      | Reached XP level 8. HP: 69/75 MP: 12/12
  4969 | D:6      | Found a white marble altar of Elyvilon.
  5060 | D:6      | HP: 2/75 [orc wizard/magic dart (8)]
  5314 | D:7      | Noticed Deemzul's ghost (experienced OpEE)
  5449 | D:7      | Killed Deemzul's ghost
  5449 | D:7      | Reached skill level 7 in Unarmed Combat
  5675 | D:7      | Received a gift from Yredelemnul
  5679 | D:7      | Found a staircase to the Ecumenical Temple.
  5690 | D:7      | Reached XP level 9. HP: 49/84 MP: 15/15
  6003 | D:7      | Found a snail-covered altar of Cheibriados.
  6239 | D:8      | Reached skill level 5 in Fighting
  6289 | D:8      | Reached skill level 8 in Unarmed Combat
  6344 | D:8      | Found a staircase to the Lair.
  6425 | D:8      | Received a gift from Yredelemnul
  6726 | D:8      | HP: 4/85 [killer bee (4)]
  6738 | D:8      | HP: 4/85 [worker ant (2)]
  7007 | D:4      | Bought a +2 robe of positive energy for 220 gold pieces
  7463 | D:9      | Found a roughly hewn altar of Beogh.
  7479 | D:9      | Reached skill level 9 in Unarmed Combat
  7498 | D:9      | Received a gift from Yredelemnul
  7620 | D:9      | Found a staircase to the Orcish Mines.
  7700 | D:9      | Reached XP level 10. HP: 57/94 MP: 9/18
  7761 | D:9      | Received a gift from Yredelemnul
  7772 | D:9      | Acquired Yredelemnul's fifth power
  7983 | D:9      | Reached skill level 10 in Unarmed Combat
  8361 | D:10     | Entered Level 10 of the Dungeon
  8366 | D:10     | Received a gift from Yredelemnul
  8392 | D:10     | HP: 3/97 [troll (3)]
  8399 | D:10     | HP: 4/97 [poisoned by a killer bee]
  8636 | D:10     | Received a gift from Yredelemnul
  8701 | D:10     | Noticed a cyclops
  8729 | D:10     | Killed a cyclops
  8929 | D:10     | Received a gift from Yredelemnul
  9001 | D:10     | Reached skill level 11 in Unarmed Combat
  9001 | D:10     | Reached XP level 11. HP: 91/106 MP: 18/20
  9106 | D:10     | Noticed Eustachio
  9114 | D:10     | Killed Eustachio
  9221 | D:10     | Noticed a hill giant
  9232 | D:10     | Killed a hill giant
  9232 | D:10     | Received a gift from Yredelemnul
  9377 | D:10     | Killed a hill giant
  9789 | D:11     | Found a portal to a secret trove of treasure.
 10010 | D:11     | Noticed a draconian
 10028 | D:11     | Killed a draconian
 10048 | D:11     | Received a gift from Yredelemnul
 10334 | D:11     | Reached skill level 10 in Invocations
 10556 | D:12     | Found a burning altar of Makhleb.
 10594 | D:12     | Received a gift from Yredelemnul
 10653 | D:12     | Found a staircase to the Lair.
 10676 | D:12     | HP: 4/106 [cyclops/ large rock (19)]
 10679 | D:12     | HP: 1/106 [something (3)]
 10699 | D:12     | Noticed a hill giant
 10707 | D:12     | Killed an unseen horror
 10854 | D:12     | Killed a hill giant
 11401 | D:13     | Noticed timbw's ghost (powerful TrMo)
 11408 | D:13     | Killed timbw's ghost
 11408 | D:13     | Reached XP level 12. HP: 83/115 MP: 14/23
 11599 | D:13     | Reached skill level 12 in Unarmed Combat
 11709 | D:13     | Noticed Blork the orc
 11718 | D:13     | Killed Blork the orc
 11731 | D:13     | Found a deep blue altar of Sif Muna.
 11948 | D:8      | the staircase to the Lair was a mimic.
 12121 | Lair:1   | Entered Level 1 of the Lair of Beasts
 12349 | Lair:1   | Found a labyrinth entrance.
 12355 | Lab      | Entered a labyrinth
 12567 | Lab      | Noticed a minotaur
 12577 | Lab      | Killed a minotaur
 13106 | Lair:2   | Received a gift from Yredelemnul
 13458 | Lair:2   | Received a gift from Yredelemnul
 13584 | Lair:2   | Noticed a seven-headed hydra
 13591 | Lair:2   | Killed a nine-headed hydra
 14341 | Lair:3   | Found a deep blue altar of Sif Muna.
 14514 | Lair:3   | Received a gift from Yredelemnul
 15361 | Lair:4   | Reached skill level 5 in Dodging
 15471 | Lair:4   | Noticed Harold
 15478 | Lair:4   | Killed Harold
 15478 | Lair:4   | Enslaved Harold
 15533 | Lair:4   | Found a staircase to the Shoals.
 15556 | Lair:4   | Your ally Harold died
 15584 | Lair:4   | Received a gift from Yredelemnul
 15667 | Lair:4   | Found a staircase to the Swamp.
 15687 | Lair:4   | the staircase to the Swamp was a mimic.
 15868 | Lair:4   | Received a gift from Yredelemnul
 16164 | Lair:5   | Reached skill level 13 in Unarmed Combat
 16218 | Lair:5   | Found a staircase to the Snake Pit.
 16269 | Lair:5   | Reached XP level 13. HP: 112/123 MP: 25/25
 16324 | Lair:5   | Received a gift from Yredelemnul
 16727 | Lair:5   | Noticed a four-headed hydra
 16733 | Lair:5   | Killed a six-headed hydra
 18132 | Lair:7   | Found a staircase to the Slime Pits.
 18158 | Lair:7   | Found a viscous altar of Jiyva.
 18620 | Lair:8   | Entered Level 8 of the Lair of Beasts
 18936 | Lair:8   | Noticed a dire elephant
 18947 | Lair:8   | Killed a dire elephant
 19195 | Lair:8   | Found a burning altar of Makhleb.
 19235 | Lair:8   | Reached skill level 14 in Unarmed Combat
 19250 | Lair:8   | Received a gift from Yredelemnul
 19285 | Lair:8   | Found a gateway to Hell.
 19486 | Lair:8   | Received a gift from Yredelemnul
 19881 | Lair:8   | Received a gift from Yredelemnul
 20624 | Orc:1    | Entered Level 1 of the Orcish Mines
 21040 | Orc:3    | Received a gift from Yredelemnul
 21247 | Orc:4    | Entered Level 4 of the Orcish Mines
 21284 | Orc:4    | Noticed a stone giant
 21304 | Orc:4    | HP: 4/124 [stone giant (28)]
 21305 | Orc:4    | Killed a stone giant
 21480 | Orc:4    | Found a staircase to the Elven Halls.
 21522 | Orc:4    | Received a gift from Yredelemnul
 21675 | Orc:4    | HP: 6/124 [orc high priest/divine providence (14)]
 21688 | Orc:4    | HP: 5/124 [smoke demon/divine providence[an orc high priest] (10)]
 21690 | Orc:4    | Killed from afar by an orc priest

Action                   |  1- 3 |  4- 6 |  7- 9 | 10-12 | 13-15 || total
-------------------------+-------+-------+-------+-------+-------++-------
Melee: Unarmed           |    89 |   230 |   413 |   902 |   447 ||  2081
Invok: Animate Remains   |    11 |     8 |       |       |       ||    19
       Animate Dead      |       |     6 |    17 |    60 |    37 ||   120
       Recall Undead Sla |       |       |       |     7 |     9 ||    16
       Enslave Soul      |       |       |       |     4 |     5 ||     9
       Drain Life        |       |       |       |       |     1 ||     1
Evoke: Wand              |       |       |       |       |    17 ||    17
  Use: Potion            |     2 |       |    15 |    15 |     9 ||    41
       Scroll            |       |       |    21 |    15 |     6 ||    42
 Stab: Distracted        |       |       |     1 |     4 |     3 ||     8
       Invisible         |       |       |       |     3 |       ||     3
       Sleeping          |       |       |       |     4 |       ||     4
